 Dungeon Crawl Stone Soup version 0.28-a0-1560-g060a6a1bfc (webtiles) character file.

Game seed: 13125929417513010208

43551 Nattfarinn the Cleaver (level 14, -4/121 HPs)
             Began as a Hill Orc Fighter on Jan 19, 2022.
             Was a High Priest of Okawaru.
             Killed from afar by a molten gargoyle (36 damage)
             ... with a bolt of magma
             ... on level 6 of the Lair of Beasts.
             The game lasted 00:56:00 (24633 turns).

Nattfarinn the Cleaver (Hill Orc Fighter)          Turns: 24633, Time: 00:56:00

Health: -4/121     AC: 24    Str: 24    XL:     14   Next: 24%
Magic:  16/23      EV: 16    Int:  8    God:    Okawaru [*****.]
Gold:   943        SH: 11    Dex:  6    Spells: 13/13 levels left

rFire   . . .      SeeInvis .   r - +8 arc blade {discharge, rElec}
rCold   + . .      Faith    .   z - +0 buckler {AC+3}
rNeg    + + .      Spirit   .   c - +1 troll leather armour {Snorg}
rPois   +          Reflect  +   j - +2 helmet
rElec   +          Harm     .   V - +1 cloak
rCorr   .          Rampage  .   y - +2 pair of gloves {Stlth+}
Will    +....                   D - +2 pair of boots
Stlth   +++.......              q - amulet of Life {Reflect +Blink rPois SH+5}
HPRegen 1.10/turn               U - ring of the Pariah {Fly rElec rN++ EV+4 Dex-4}
MPRegen 0.18/turn               v - ring of protection from cold

@: heroic, finesse-ful, flying, studying Dodging
A: no striking features
a: Renounce Religion, Evoke Blink, Heroism, Finesse, Duel


You were on level 6 of the Lair of Beasts.
You worshipped Okawaru.
Okawaru was extremely pleased with you.
You visited 3 branches of the dungeon, and saw 19 of its levels.
You also visited: Ice Cave.

You collected 1124 gold pieces.
You spent 181 gold pieces at shops.

Inventory:

Hand Weapons
 a - a +2 whip of venom
 b - a +6 hand axe of freezing
 h - a +2 short sword of venom
 r - the +8 arc blade (weapon) {discharge, rElec}
   (You found it in an ice cave)

   It occasionally unleashes powerful arcs of lightning upon striking a foe.
   These may arc to other adjacent creatures (including the wielder, but dealing
   reduced damage to them) before grounding out.
   rElec:     It insulates you from electricity.
 u - the +9 flail of the Ageing Gnat {elec, rF+ Int+4}
   (You found it on level 4 of the Lair of Beasts)

   It occasionally discharges a powerful burst of electricity upon striking a
   foe.
   Int:       It affects your intelligence (+4).
   rF:        It protects you from fire.
 N - a +2 whip of flaming
 X - a +4 vampiric double sword
Missiles
 w - a throwing net (quivered)
Armour
 c - a +1 troll leather armour (worn) {Snorg}
 j - a +2 helmet (worn)
 y - a +2 pair of gloves of stealth (worn)
 z - a +0 buckler of protection (worn)
 A - a +0 kite shield
 D - a +2 pair of boots (worn)
 V - a +1 cloak (worn)
 W - a +1 hat of see invisible
Jewellery
 i - an amulet of magic regeneration
 q - the amulet of Life (around neck) {Reflect +Blink rPois SH+5}
   (You found it in an ice cave)

   [amulet of reflection]

   It reflects blocked missile attacks.
   rPois:     It protects you from poison.
   +Blink:    It lets you blink.
   SH:        It affects your SH (+5).
 v - a ring of protection from cold (right hand)
 C - a ring of resist corrosion
 I - a +6 ring of dexterity
 K - a ring of wizardry
 L - a ring of poison resistance
 S - an amulet of faith
 U - the ring of the Pariah (left hand) {Fly rElec rN++ EV+4 Dex-4}
   (You found it on level 1 of the Lair of Beasts)

   [ring of evasion]

   EV:        It affects your evasion (+4).
   Dex:       It affects your dexterity (-4).
   rElec:     It insulates you from electricity.
   rN:        It greatly protects you from negative energy.
   Fly:       It grants you flight.
 Y - a +6 ring of strength
Wands
 E - a wand of polymorph (18)
Scrolls
 f - 3 scrolls of holy word
 l - 3 scrolls of enchant weapon
 m - 13 scrolls of teleportation
 t - 2 scrolls of brand weapon
 F - 3 scrolls of amnesia
 G - a scroll of vulnerability
 H - a scroll of immolation
 O - 3 scrolls of fog
Potions
 d - 4 potions of might
 e - 9 potions of curing
 g - a potion of flight
 k - a potion of magic {unknown}
 n - 3 potions of attraction
 o - 2 potions of heal wounds
 p - 5 potions of brilliance
 s - 2 potions of haste
 x - 2 potions of resistance
 B - 5 potions of mutation
 J - 5 potions of berserk rage
 R - 9 potions of ambrosia
 Z - a potion of invisibility {unknown}
Miscellaneous
 P - a box of beasts
 Q - a phial of floods
 T - a phantom mirror


   Skills:
 - Level 10.1(15.1) Fighting
 * Level 11.4(16.4) Short Blades
 - Level 14.5(19.5) Axes
 - Level 9.5(14.5) Armour
 - Level 9.5(14.5) Shields
 - Level 12.3 Invocations
 - Level 8.7 Evocations


You had 13 spell levels left.
You didn't know any spells.
Your spell library contained the following spells:

 Spells                   Type           Power      Damage    Failure   Level
 Pain                     Necr           0%         1d4       50%         1
 Shock                    Conj/Air       0%         1d3       50%         1
 Corpse Rot               Necr/Air       0%         N/A       63%         2
 Poisonous Vapours        Pois/Air       0%         N/A       63%         2
 Static Discharge         Conj/Air       0%         N/A       63%         2
 Sublimation of Blood     Necr           0%         N/A       63%         2
 Wereblood                Tmut           0%         N/A       63%         2
 Gell's Gravitas          Tloc           0%         N/A       86%         3
 Ignite Poison            Fire/Tmut/Pois 0%         N/A       86%         3
 Lesser Beckoning         Tloc           0%         N/A       86%         3
 Mephitic Cloud           Conj/Pois/Air  0%         N/A       86%         3
 Teleport Other           Tloc           0%         N/A       86%         3
 Vampiric Draining        Necr           0%         2d6       86%         3
 Petrify                  Tmut/Erth      0%         N/A       99%         4
 Freezing Cloud           Conj/Ice/Air   0%         6-21      100%        5
 Irradiate                Conj/Tmut      0%         3d14      100%        5
 Iskenderun's Battlesphe  Conj           0%         2d6       100%        5
 Iron Shot                Conj/Erth      0%         9d1       100%        6
 Animate Skeleton         Necr           Unusable   N/A       N/A         1
 Spellforged Servitor     Conj/Summ      Unusable   N/A       N/A         7
 Summon Hydra             Summ           Unusable   N/A       N/A         7

Dungeon Overview and Level Annotations

Branches:
Dungeon (12/15)            Temple (1/1) D:4            Lair (6/6) D:10
 Shoals (0/4) Lair:4        Snake (0/4) Lair:2        Slime (0/5) Lair:5
  IceCv (visited)
    Orc: D:9-12

Altars:
Ashenzari
Cheibriados
Dithmenos
Elyvilon
Fedhas
Gozag
Hepliaklqana
Kikubaaqudgha
Makhleb
Nemelex Xobeh
Okawaru
Qazlal
Ru
Sif Muna
Trog
Uskayaw
Vehumet
Wu Jian
Xom
Yredelemnul
Zin
The Shining One
Beogh
Jiyva

Shops:
D:5 *?   D:10 [

Annotations:
D:10 1 runed translucent door, cariele's ghost, journeyman DgCj
Lair:3 3 runed translucent doors, Goddom's ghost, journeyman TrFi
Lair:5 1 runed translucent door


Message History

The molten gargoyle blasts magma at you!
The bolt of magma hits you!!
Unknown command.
There are no items here.
You puncture the komodo dragon!
The komodo dragon is moderately wounded.
You are engulfed in a cloud of scalding steam.
You barely miss the komodo dragon.
The komodo dragon is moderately wounded.
You are engulfed in a cloud of scalding steam.
The komodo dragon is engulfed in a cloud of scalding steam.
The komodo dragon misses you.
You puncture the komodo dragon!
The komodo dragon is heavily wounded.
A wyvern comes into view.
The wyvern hisses angrily.
You hit the molten gargoyle but do no damage.
The komodo dragon bites you but does no damage.
You block the molten gargoyle's attack.
Unknown command.
You hit the molten gargoyle but do no damage.
The komodo dragon is engulfed in a cloud of scalding steam.
The komodo dragon bites you!
You closely miss the molten gargoyle. The molten gargoyle barely misses you.
You puncture the molten gargoyle!
The molten gargoyle is moderately damaged.
You block the komodo dragon's attack.
The molten gargoyle hits you with a +0 morningstar!!
You are engulfed in flames!
You gain the combat prowess of a mighty hero.
The steam dragon closely misses you. You block the steam dragon's attack.
You block the komodo dragon's attack.
The molten gargoyle blasts magma at you!
The bolt of magma hits you but does no damage.
You can now deal lightning-fast blows.
You block the steam dragon's attack. x2; The komodo dragon bites you!
* * * LOW HITPOINT WARNING * * *
The molten gargoyle blasts magma at you!
The bolt of magma hits you!!!
You die...

...................<......S.SY...
.....#.....###........#.#####....
#...#..P..##........#####...#....
...........†.....................
......###.††.(.##................
#....## ####..##.#.#).........#.#
###### ######.###.........##.
#..# #.......... . #@.#
##........ #l9D.# #...#.P#.
...l..# ##.##### ........# ##
#.......... ...........≈
#..........≈# ##...##§...≈≈


You could see a komodo dragon, a molten gargoyle, a steam dragon and a wyvern.

Vanquished Creatures
  Kirke (Lair:5)
  Snorg (D:11)
  A centaur warrior (D:12)
  5 hydras
  3 two-headed ogres
  9 death yaks
  Nergalle (Lair:3)
  Urug (Lair:3)
  Pikel (D:8)
  An ugly thing (IceCv)
  3 ice statues (IceCv)
  4 elephants
  6 cane toads
  2 black mambas
  Psyche (D:8)
  2 unseen horrors (D:11)
  2 rime drakes
  6 komodo dragons
  An entropy weaver simulacrum (IceCv)
  A freezing wraith (IceCv)
  A queen bee (Lair:3)
  A troll (D:11)
  A polar bear (Lair:1)
  A hornet (D:7)
  12 blink frogs
  2 shadows
  5 wyverns
  A wraith (D:10)
  36 yaks
  A dire elephant simulacrum (IceCv)
  2 hogs (Lair:5)
  3 humans (Lair:5)
  3 steam dragons
  3 death yak simulacra (IceCv)
  4 vampire mosquitoes (D:11)
  A naga (Lair:2)
  An acid dragon (D:10)
  3 hell hounds (Lair:6)
  2 swamp worms (Lair:1)
  14 water moccasins
  A black bear (D:7)
  An ice beast (D:6)
  8 orc warriors
  2 ogres (D:4)
  8 centaurs
  21 wolves
  A phantom (D:5)
  A gnoll sergeant (D:6)
  11 bullfrogs
  2 wyvern zombies
  A cane toad simulacrum (IceCv)
  3 scorpions
  An elephant simulacrum (IceCv)
  23 killer bees (Lair:3)
  17 wights
  4 electric eels
  4 centaur zombies
  6 orc priests
  4 hounds
  A centaur skeleton (D:6)
  5 gnoll shamans
  An iguana (D:6)
  6 orc wizards
  A polar bear simulacrum (IceCv)
  A wolf simulacrum (IceCv)
  Robin (D:4)
  A howler monkey zombie (D:9)
  6 adders
  21 gnolls
  A white imp (D:8)
  2 ufetubi
  2 adder skeletons (D:4)
  2 worms
  6 dart slugs
  56 orcs
  11 endoplasms
  3 giant cockroaches
  12 goblins
  6 hobgoblins
  5 jackals (D:4)
  5 quokkas
  6 ball pythons
  4 bats
  4 frilled lizards
  10 kobolds
  4 rats
451 creatures vanquished.

Vanquished Creatures (others)
  A howler monkey (D:8)
  An orc priest (D:8)
  An orc (D:8)
  20 fungi
  68 plants
91 creatures vanquished.

Grand Total: 542 creatures vanquished

Notes
Turn   | Place    | Note
-------+----------+-------------------------------------------
     0 | D:1      | Nattfarinn the Hill Orc Fighter began the quest for the
                  | Orb.
     0 | D:1      | Reached XP level 1. HP: 19/19 MP: 1/1
    41 | D:1      | Reached skill level 3 in Axes
    86 | D:1      | Reached XP level 2. HP: 27/27 MP: 2/2
   204 | D:1      | Found a faded altar of an unknown god.
   593 | D:2      | Reached skill level 4 in Axes
   669 | D:2      | Reached XP level 3. HP: 33/33 MP: 3/3
  1696 | D:3      | Reached XP level 4. HP: 41/41 MP: 4/4
  1903 | D:3      | Reached skill level 5 in Axes
  2532 | D:3      | Reached XP level 5. HP: 47/47 MP: 5/5
  2682 | D:3      | Found a basalt altar of Yredelemnul.
  2754 | D:3      | Reached skill level 5 in Fighting
  2754 | D:3      | Reached skill level 6 in Axes
  3274 | D:4      | Noticed Robin
  3466 | D:4      | Killed Robin
  3990 | D:4      | Reached skill level 7 in Axes
  3990 | D:4      | Reached XP level 6. HP: 48/56 MP: 6/6
  4798 | D:4      | Found a staircase to the Ecumenical Temple.
  4826 | Temple   | Entered the Ecumenical Temple
  5202 | Temple   | Became a worshipper of Warmaster Okawaru
  5269 | D:4      | Reached skill level 8 in Axes
  5269 | D:4      | Reached XP level 7. HP: 22/63 MP: 7/7
  6687 | D:5      | Entered Level 5 of the Dungeon
  6753 | D:4      | Reached skill level 9 in Axes
  7046 | D:5      | Reached * piety under Okawaru
  7208 | D:5      | Found Qedwaal's Mayhem Merchandise.
  7258 | D:5      | Found Jyutet's Magic Scroll Emporium.
  7266 | D:5      | Bought 2 scrolls of identify for 44 gold pieces
  7266 | D:5      | Bought a scroll of blinking for 82 gold pieces
  7266 | D:5      | Bought a scroll of identify for 22 gold pieces
  7266 | D:5      | Bought a scroll of teleportation for 33 gold pieces
  7281 | D:5      | Reached XP level 8. HP: 66/73 MP: 8/8
  7347 | D:5      | Reached skill level 10 in Axes
  8877 | D:6      | Reached skill level 11 in Axes
  8928 | D:6      | Reached ** piety under Okawaru
 10070 | D:7      | Reached skill level 12 in Axes
 10070 | D:7      | Reached XP level 9. HP: 78/82 MP: 9/9
 10157 | D:7      | Noticed a hornet
 10166 | D:7      | Killed a hornet
 10290 | D:7      | Reached *** piety under Okawaru
 11169 | D:8      | Reached skill level 13 in Axes
 11568 | D:8      | Noticed Psyche
 11580 | D:8      | Killed Psyche
 11898 | D:8      | Noticed Pikel
 11926 | D:8      | Killed Pikel
 11927 | D:8      | Reached skill level 10 in Fighting
 11927 | D:8      | Reached skill level 14 in Axes
 12432 | D:8      | Reached XP level 10. HP: 93/93 MP: 10/10
 12794 | D:8      | Reached **** piety under Okawaru
 13202 | D:9      | Noticed a two-headed ogre
 13219 | D:9      | Killed a two-headed ogre
 13220 | D:9      | Reached skill level 5 in Armour
 13220 | D:9      | Reached skill level 5 in Shields
 13865 | D:9      | Noticed a two-headed ogre
 13877 | D:9      | Killed a two-headed ogre
 13877 | D:9      | Received a gift from Okawaru
 13878 | D:9      | Reached skill level 5 in Invocations
 14205 | D:10     | Entered Level 10 of the Dungeon
 14458 | D:10     | Found Felonnux's Antique Armour Boutique.
 14584 | D:10     | Found a roughly hewn altar of Beogh.
 14827 | D:10     | Reached ***** piety under Okawaru
 15194 | D:10     | Reached XP level 11. HP: 41/99 MP: 16/16
 15737 | D:10     | Noticed a death yak
 15939 | D:10     | Received a gift from Okawaru
 16208 | D:10     | Found a staircase to the Lair.
 16220 | D:10     | Noticed a death yak
 16222 | D:10     | Noticed a death yak
 16244 | D:10     | Killed a death yak
 16270 | D:10     | Killed a death yak
 16592 | D:10     | Found a runed translucent door.
 16592 | D:10     | Found a shimmering altar of Xom.
 16592 | D:10     | Noticed cariele's ghost (journeyman DgCj)
 16592 | D:10     | Noticed a +2 broad axe of chaos
 16814 | D:10     | Killed a death yak
 16815 | D:10     | Reached skill level 10 in Invocations
 17151 | D:11     | Noticed a four-headed hydra
 17152 | D:11     | Noticed a two-headed ogre
 17159 | D:11     | Killed a four-headed hydra
 17189 | D:11     | Killed a two-headed ogre
 17190 | D:11     | Reached XP level 12. HP: 48/106 MP: 12/20
 17408 | D:11     | Noticed Snorg
 17432 | D:11     | Killed Snorg
 18269 | D:12     | Noticed a centaur warrior
 18288 | D:12     | Killed a centaur warrior
 18288 | D:12     | Reached ****** piety under Okawaru
 18358 | D:12     | Noticed a two-headed ogre
 18358 | D:12     | Noticed a boulder beetle
 18418 | Lair:1   | Entered Level 1 of the Lair of Beasts
 18527 | Lair:1   | Received a gift from Okawaru
 18672 | Lair:1   | Noticed a five-headed hydra
 18697 | Lair:1   | Killed a five-headed hydra
 19058 | Lair:1   | Identified the ring of the Pariah {Fly rElec rN++ EV+4
                  | Dex-4}
 19627 | Lair:2   | Reached skill level 5 in Evocations
 19759 | Lair:2   | Noticed an eight-headed hydra
 19788 | Lair:2   | Noticed a five-headed hydra
 19868 | Lair:1   | Killed a five-headed hydra
 20043 | Lair:2   | Found a frozen archway.
 20052 | IceCv    | Entered an ice cave
 20086 | IceCv    | HP: 2/106 [death yak simulacrum (17)]
 20271 | IceCv    | Reached XP level 13. HP: 113/113 MP: 22/22
 20763 | IceCv    | Found the +8 arc blade {discharge, rElec}
 20811 | IceCv    | Identified the amulet of Life {Reflect +Blink rPois SH+5}
 20820 | IceCv    | Got the Guide on Air
 21005 | Lair:2   | Found a staircase to the Snake Pit.
 21013 | Lair:2   | Reached skill level 1 in Short Blades
 21619 | Lair:3   | Noticed Nergalle
 21626 | Lair:3   | Killed Nergalle
 21626 | Lair:3   | Received a gift from Okawaru
 21733 | Lair:3   | Noticed an ice dragon
 21743 | Lair:3   | Found a runed translucent gate.
 21743 | Lair:3   | Found a runed translucent gate.
 21743 | Lair:3   | Found a runed translucent gate.
 21789 | Lair:3   | Noticed Goddom's ghost (journeyman TrFi)
 21876 | Lair:3   | Reached skill level 5 in Short Blades
 21941 | Lair:3   | Noticed Urug
 21987 | Lair:3   | Killed Urug
 22722 | Lair:4   | Identified the +9 flail of the Ageing Gnat {elec, rF+
                  | Int+4}
 23108 | Lair:4   | Found a staircase to the Shoals.
 23108 | Lair:4   | You are sucked into a shaft and drop 1 floor!
 23784 | Lair:5   | Found a runed translucent door.
 23784 | Lair:5   | Found a viscous altar of Jiyva.
 23784 | Lair:5   | Found a staircase to the Slime Pits.
 23784 | Lair:5   | Noticed an azure jelly
 23784 | Lair:5   | Noticed an azure jelly
 23784 | Lair:5   | Noticed Kirke
 23795 | Lair:5   | Killed Kirke
 23795 | Lair:5   | Identified the +4 scale mail "Gomuesy" {Rampage rCorr}
                  | (Okawaru gifted it to you on level 5 of the Lair of Beasts)
 23795 | Lair:5   | Received a gift from Okawaru
 24267 | Lair:6   | Entered Level 6 of the Lair of Beasts
 24280 | Lair:6   | Reached XP level 14. HP: 121/121 MP: 23/23
 24286 | Lair:6   | Reached skill level 10 in Short Blades
 24633 | Lair:6   | Killed from afar by a molten gargoyle

Illustrated notes

Levels and vault maps discovered:
D:1:      lightli_arrival_windingriver, layout_rooms,
          ebering_ecumenical_altar_box, hex_intersection
D:2:      layout_loops_ring, kennysheep_generic_room_16
D:3:      layout_basic, marbit_many_paths, st_stairs_9, minmay_misc_feat_alley
D:4:      layout_layer_cave, minmay_temple_entry_grid,
          kennysheep_generic_room_10, uniq_robin
D:5:      layout_loops_ring, serial_shops, nicolae_diamond_shop,
          minmay_shop_mayhem, nrook_mini_backslash, guppyfry_early_orc_mine
D:6:      layout_loops_corners, grunt_ministairs_8,
          minmay_fractal_squares_gapless_5
D:7:      layout_cave_pods
D:8:      layout_gridville, uniq_pikel, uniq_psyche
D:9:      layout_loops_ring
D:10:     layout_loops_ring, dpeg_lair_monsters, ebering_ghost_xom, special_room
          [special_room_orc], nicolae_inconvenience_store, centaur_isle
D:11:     layout_rooms, uniq_snorg
D:12:     minmay_gate_of_8, layout_gridville, david_orc_4,
          nzn_hepliaklqana_mist_gate
Temple:   mainiacjoe_temple_circle_huts
Lair:1:   layout_cave_pods, worms_lemuel, lemuel_fruit_tree
Lair:2:   layout_cellular_growth, guppyfry_snake_entry_garden,
          portal_ice_cave_entry_pillars_2
Lair:3:   layout_roguey [special_room_bee], gammafunk_ghost_icy, serial_bayou,
          serial_bayou_shore_a, serial_bayou_lagoon_b, serial_bayou_lake_a,
          serial_bayou_lagoon_a, uniq_urug, uniq_nergalle
Lair:4:   layout_gridlike, elwin_shoals_entry_rooms, serial_bayou_shore_b,
          grunt_megastairs_5
Lair:5:   layout_long_grid, slime_altar_2, uniq_kirke
Lair:6:   cheibrodos_lair_end_hotspot, layout_long_grid, basic_altar,
          lemuel_oklob_altar

Skill      XL: |  1  2  3  4  5  6  7  8  9 10 11 12 13 14 |
---------------+-------------------------------------------+-----
Axes           | 3 4 5 7 8 9 12 14 | 14.5
Fighting       | 4 5 6 7 8 10 | 10.1
Armour         | 6 8 9 |  9.5
Shields        | 6 8 9 |  9.5
Invocations    | 7 11 12 | 12.3
Evocations     | 7 8 |  8.7
Short Blades   | 9 11 | 11.4

Action                   |  1- 3 |  4- 6 |  7- 9 | 10-12 | 13-15 || total
-------------------------+-------+-------+-------+-------+-------++-------
Melee: War axe           |    29 |       |       |       |       ||    29
       Short sword       |    61 |   187 |   137 |       |       ||   385
       Whip              |       |       |   225 |   471 |   232 ||   928
       Hand axe          |       |       |    46 |   343 |       ||   389
       Unarmed           |       |       |     6 |       |       ||     6
       Rapier            |       |       |       |       |   475 ||   475
Invok: Heroism           |       |       |       |     8 |     4 ||    12
       Finesse           |       |       |       |     6 |     4 ||    10
Evoke: Wand              |       |       |     2 |    28 |    10 ||    40
       Phial of floods   |       |       |       |     1 |     1 ||     2
  Use: Scroll            |       |       |    16 |     7 |     7 ||    30
       Potion            |       |       |     1 |     2 |       ||     3
 Stab: Confused          |       |       |     1 |       |       ||     1
       Distracted        |       |       |       |     2 |       ||     2
Armor: Scale mail        |    38 |   101 |   184 |   142 |       ||   465
       Skin              |       |       |     2 |       |       ||     2
       Troll leather arm |       |       |       |   204 |   217 ||   421
Dodge: Dodged            |    35 |    89 |   154 |   295 |   336 ||   909
Block: Buckler           |    15 |    43 |    89 |   183 |   301 ||   631
       Reflection        |       |       |       |       |     1 ||     1

Table legend: (Time is in decaauts)
 A = Elapsed time spent in this place.
 B = Non-inter-level travel time spent in this place.
 C = Inter-level travel time spent in this place.
 D = Time resting spent in this place.
 E = Time spent auto-exploring this place.
 F = Levels seen in this place.
 G = Mean time per level.
                   A        B        C        D        E       F      G
               +--------+--------+--------+--------+--------+-----+--------+
         Total |  24198 |  23094 |   1104 |   4493 |  14666 |  20 | 1209.9 |
       Dungeon |  17830 |  17117 |    713 |   4200 |  10404 |  12 | 1485.8 |
        Temple |    398 |    330 |     68 |      0 |    308 |   1 |  398.0 |
          Lair |   5290 |   4967 |    323 |     38 |   3909 |   6 |  881.7 |
      Ice Cave |    679 |    679 |      0 |    255 |     44 |   1 |  679.0 |
               +--------+--------+--------+--------+--------+-----+--------+

Top non-repeatable levels by time:
     D:4: 2795 daAuts
    D:10: 2654 daAuts
     D:3: 1786 daAuts
     D:7: 1757 daAuts
     D:2: 1504 daAuts
     D:5: 1478 daAuts
     D:6: 1419 daAuts
     D:8: 1339 daAuts
     D:9: 1169 daAuts
  Lair:3: 1166 daAuts
  Lair:1: 1163 daAuts
    D:11: 1057 daAuts
  Lair:2: 994 daAuts
  Lair:4: 919 daAuts
  Lair:5: 773 daAuts
